Map: Fields of Death

Players

Norfolc

  • Race: Zerg Zerg
  • League: Platinum
  • Spawn Location: 6:00

Messiah

  • Race: Protoss Protoss
  • League: Diamond
  • Spawn Location: 7:00

Musumeci - Winner!

  • Race: Zerg Zerg
  • League: Diamond
  • Spawn Location: 12:00

MichyMoko - Winner!

  • Race: Zerg Zerg
  • Spawn Location: 12:00

VOD

Have the link to the VOD?

Description

Time

  • Played on: Jan. 1, 2017, 10:28 a.m.
  • Length: 15:20
Show
View Real Time Build Order
Export as new Build Order

Norfolc Zerg 

Build Orders: Hatch First 

Get SALT Encoding   

  12  0:02  Drone  
  13  0:13  Overlord  
  13  0:22  Drone  
  14  0:33  Drone x2  
  16  0:36  Drone  
  17  1:00  Extractor  
  17  1:01  Drone  
  17  1:02  Drone  
  18  1:04  Hatchery  
  17  1:18  Spawning Pool  
  17  1:20  Drone  
  17  1:30  Drone x2  
  19  1:59  Overlord  
  19  2:05  Metabolic Boost  
  19  2:06  Queen  
  21  2:08  Zergling x2  
  22  2:17  Zergling x4  
  22  2:20  Queen  
  22  2:21  Drone  
  27  2:34  Drone, Baneling Nest  
  27  2:39  Evolution Chamber  
  27  2:40  Drone  
  27  2:50  Drone x3  
  30  2:51  Drone  
  31  3:21  Zergling x2  
  31  3:22  Zergling x8  
  31  3:24  Overlord x2  
  36  3:42  Baneling x2  
  36  3:43  Baneling x3  
  36  3:50  Drone x5  
  36  3:51  Drone x2  
  42  4:22  Zerg Melee Weapons Level 1  
  42  4:24  Extractor  
  42  4:27  Extractor  
  40  4:31  Spore Crawler  
  40  4:36  Lair  
  40  4:38  Drone x5  
  44  4:51  Extractor  
  43  5:03  Baneling x3  
  43  5:05  Zergling x14  
  43  5:06  Zergling x2  
  51  5:08  Hatchery  
  49  5:29  Zergling x6  
  51  5:41  Overlord x3  
  51  5:53  Overlord x3  
  51  6:00  Roach Warren  
  50  6:06  Spore Crawler  
  50  6:09  Spore Crawler  
  50  6:10  Drone  
  49  6:16  Drone  
  49  6:17  Drone x3  
  53  6:22  Overseer  
  53  6:26  Drone x2  
  53  6:28  Drone x5  
  53  6:29  Drone  
  61  6:35  Queen  
  61  6:36  Drone  
  64  6:40  Baneling x6  
  64  6:41  Baneling x2  
  64  6:54  Drone x3  
  64  6:59  Overlord  
  67  7:04  Spore Crawler  
  67  7:08  Drone x8  
  71  7:09  Drone  
  71  7:14  Pneumatized Carapace  
  75  7:27  Spore Crawler  
  75  7:28  Spore Crawler  
  66  7:52  Roach  
  66  7:53  Roach x5  
  72  8:00  Roach x7  
  72  8:01  Roach x5  
  64  8:38  Unknown x2  
  59  8:53  Roach  
  59  8:54  Roach x7  
  59  8:55  Roach x6  
  87  9:06  Glial Reconstitution  
  87  9:09  Zerg Missile Weapons Level 1  
  87  9:31  Hydralisk Den  
  82  9:50  Roach x6  
  82  9:51  Roach x3  
  100  10:09  Hydralisk  
  100  10:10  Hydralisk x3  
  100  10:14  Muscular Augments  
  96  10:41  Hydralisk  
  96  10:42  Hydralisk x5  
  104  10:44  Overlord x3  
  108  10:53  Hatchery  
  107  11:04  Zerg Ground Armor Level 1  
  79  11:42  Hydralisk x7  
  79  11:43  Hydralisk x6  
  100  12:44  Hydralisk x4  
  84  12:51  Hatchery  
  75  13:08  Lurker Den  
  75  13:09  Queen  
  77  13:32  Hatchery  
  42  13:55  Roach x3  
  48  14:01  Roach x2  
  48  14:02  Roach  
  55  14:24  Roach x6  
  64  14:39  Hydralisk x5  
  64  14:40  Hydralisk x2  
Show
View Real Time Build Order
Export as new Build Order

Messiah Protoss 

Build Orders:  

Get SALT Encoding   

  12  0:01  Probe (Chrono Boost)  
  13  0:16  Pylon  
  13  0:21  Probe (Chrono Boost)  
  14  0:32  Probe (Chrono Boost)  
  15  0:36  Assimilator  
  16  0:43  Probe (Chrono Boost)  
  16  0:47  Gateway  
  16  0:53  Probe (Chrono Boost)  
  17  1:08  Gateway  
  17  1:15  Gateway  
  17  1:19  Probe (Chrono Boost)  
  18  1:29  Probe (Chrono Boost)  
  18  1:32  Assimilator  
  19  1:42  Cybernetics Core  
  19  1:46  Zealot  
  21  1:52  Probe (Chrono Boost)  
  22  2:03  Probe (Chrono Boost)  
  23  2:20  Pylon  
  23  2:27  Warp Gate  
  23  2:38  Adept x2, Probe (Chrono Boost)  
  29  2:54  Mothership Core (Chrono Boost)  
  28  3:26  Adept  
  30  3:52  Nexus  
  30  3:59  Stalker  
  30  4:15  Probe (Chrono Boost)  
  31  4:21  Assimilator  
  31  4:29  Stargate  
  31  4:43  Pylon  
  31  4:45  Pylon  
  31  4:58  Probe (Chrono Boost)  
  30  5:01  Stalker, Adept  
  34  5:08  Probe (Chrono Boost)  
  35  5:19  Probe (Chrono Boost)  
  36  5:21  Probe (Chrono Boost)  
  36  5:26  Void Ray  
  41  5:28  Stalker  
  41  5:30  Probe (Chrono Boost)  
  41  5:32  Probe (Chrono Boost)  
  45  5:40  Probe (Chrono Boost)  
  47  5:43  Pylon, Probe (Chrono Boost)  
  47  5:51  Forge, Probe (Chrono Boost)  
  47  5:53  Probe (Chrono Boost)  
  47  5:56  Stargate  
  49  6:01  Probe (Chrono Boost)  
  49  6:04  Probe (Chrono Boost)  
  51  6:15  Void Ray  
  55  6:22  Probe x2 (Chrono Boost)  
  58  6:33  Probe x2 (Chrono Boost)  
  59  6:43  Void Ray, Probe x2 (Chrono Boost)  
  65  6:52  Photon Cannon  
  65  6:54  Probe x2 (Chrono Boost)  
  67  6:58  Pylon  
  67  7:04  Probe x2 (Chrono Boost)  
  69  7:10  Assimilator  
  69  7:15  Probe (Chrono Boost)  
  70  7:16  Phoenix, Probe (Chrono Boost)  
  73  7:32  Photon Cannon  
  73  7:34  Photon Cannon  
  56  8:32  Void Ray x2  
  64  8:38  Stargate  
  64  8:40  Stargate  
  62  8:43  Probe x2 (Chrono Boost)  
  62  8:46  Fleet Beacon  
  65  8:56  Mothership Core (Chrono Boost)  
  66  9:20  Void Ray  
  70  9:38  Pylon  
  70  9:41  Pylon  
  70  9:42  Pylon  
  70  9:44  Pylon  
  70  9:49  Carrier  
  70  9:56  Carrier  
  82  10:00  Carrier  
  82  10:03  Carrier  
  82  10:06  Graviton Catapult  
  94  11:29  Pylon  
  94  11:30  Pylon  
  90  11:33  Pylon  
  90  11:35  Carrier, Pylon  
  90  11:46  Carrier  
  102  11:53  Carrier x2  
  114  12:09  Robotics Facility  
  114  12:56  Carrier  
  114  13:12  Carrier  
  126  13:14  Nexus  
  126  13:17  Pylon  
  126  13:18  Assimilator  
  126  13:20  Assimilator  
  126  13:23  Pylon  
  126  13:26  Pylon  
  126  13:28  Pylon  
  126  13:30  Pylon  
  126  13:35  Carrier  
  126  13:36  Observer  
  127  13:57  Observer  
Show
View Real Time Build Order
Export as new Build Order

Musumeci Zerg - Winner!

Build Orders: Hatch First, Swarm Host 

Get SALT Encoding   

  12  0:02  Drone  
  13  0:09  Drone  
  14  0:20  Drone, Extractor  
  15  0:43  Hatchery  
  15  0:48  Drone, Extractor  
  15  1:03  Spawning Pool  
  14  1:06  Extractor  
  13  1:14  Drone  
  14  1:19  Extractor  
  14  1:20  Drone  
  14  1:22  Overlord  
  15  1:40  Drone x2  
  15  1:46  Drone  
  18  1:51  Queen  
  20  2:02  Queen  
  22  2:11  Zergling x2  
  23  2:17  Metabolic Boost  
  23  2:18  Drone  
  23  2:21  Drone  
  25  2:27  Drone  
  26  2:37  Baneling Nest  
  25  2:49  Zergling x6  
  28  2:59  Overlord  
  28  3:01  Overlord  
  28  3:29  Drone x9  
  36  3:44  Lair  
  36  3:46  Drone x2, Extractor  
  36  3:47  Drone  
  35  4:08  Zergling x10  
  40  4:14  Drone x4  
  40  4:16  Extractor  
  40  4:17  Extractor  
  42  4:20  Drone  
  42  4:21  Drone  
  44  4:47  Spire  
  43  5:03  Roach Warren  
  43  5:05  Hatchery  
  37  5:44  Hydralisk Den, Evolution Chamber  
  37  5:48  Overlord x5  
  35  6:06  Drone x4  
  35  6:08  Drone x6  
  35  6:09  Drone  
  35  6:11  Zerg Missile Weapons Level 1  
  46  6:15  Glial Reconstitution, Muscular Augments  
  46  6:16  Roach  
  46  6:17  Roach x6  
  60  6:21  Drone  
  60  6:22  Drone  
  62  6:29  Queen  
  64  6:39  Overlord  
  64  6:40  Overlord  
  64  6:46  Spore Crawler  
  63  6:49  Drone, Spore Crawler  
  63  6:51  Drone  
  63  6:53  Drone x3  
  67  6:59  Hydralisk x3  
  73  7:13  Ravager  
  73  7:14  Ravager x6  
  80  7:18  Zergling x18  
  80  8:17  Hydralisk x7  
  80  8:19  Zergling x2  
  89  8:21  Overlord x2  
  89  8:22  Overlord x2  
  86  8:29  Drone x3  
  86  8:33  Zerg Missile Weapons Level 2  
  86  8:34  Extractor  
  82  8:54  Hydralisk  
  82  8:55  Hydralisk x8  
  86  9:00  Drone  
  86  9:01  Drone x5  
  104  9:06  Extractor  
  103  9:19  Evolution Chamber  
  103  9:20  Infestation Pit  
  103  9:23  Drone x9  
  110  9:40  Overseer  
  110  9:41  Hatchery  
  109  9:57  Extractor  
  109  9:59  Roach x6  
  120  10:01  Extractor  
  119  10:09  Swarm Host  
  122  10:24  Overlord x4  
  122  10:25  Overlord x3  
  121  10:34  Hatchery  
  120  10:37  Drone x2  
  122  10:43  Swarm Host  
  122  10:44  Swarm Host x10  
  155  10:51  Zergling x2  
  141  11:34  Hydralisk x8  
  141  11:35  Hydralisk x10  
  173  12:12  Overlord x3  
  173  12:13  Overlord x2  
  173  12:17  Spire x2, Hive  
  173  12:19  Drone  
  173  12:22  Drone x11  
  183  12:24  Overlord x2  
  183  12:25  Overlord  
  162  13:18  Zerg Ground Armor Level 1  
  162  13:23  Drone x2  
  164  13:39  Corruptor x13  
  164  13:41  Hatchery, Extractor  
  189  13:44  Extractor  
Show
View Real Time Build Order
Export as new Build Order

MichyMoko Zerg - Winner!

Build Orders: Hatch First 

Get SALT Encoding   

  12  0:02  Drone  
  13  0:15  Overlord  
  13  0:17  Drone  
  14  0:33  Drone x2  
  16  0:46  Drone  
  17  0:57  Drone  
  18  1:02  Hatchery  
  17  1:14  Spawning Pool, Drone  
  17  1:18  Extractor  
  17  1:20  Drone  
  17  1:26  Drone  
  18  1:38  Drone  
  19  1:44  Drone  
  20  1:54  Drone  
  21  2:04  Overlord  
  21  2:13  Queen  
  21  2:14  Overlord  
  24  2:15  Zergling x2  
  24  2:19  Queen  
  26  2:27  Drone, Zergling x2  
  28  2:41  Drone  
  28  2:42  Drone  
  30  2:57  Queen  
  32  3:07  Roach Warren  
  32  3:12  Metabolic Boost  
  31  3:15  Drone x2, Overlord  
  31  3:16  Drone x3  
  36  3:27  Drone, Extractor  
  36  3:43  Drone x5  
  36  3:44  Drone  
  41  4:04  Zergling x4  
  42  4:20  Lair  
  42  4:24  Roach x4  
  46  4:26  Hatchery, Overlord x2  
  49  4:43  Overlord x2  
  49  4:45  Roach x3  
  55  4:52  Extractor  
  54  4:53  Drone x6, Extractor  
  59  5:14  Queen  
  59  5:21  Glial Reconstitution  
  61  5:28  Hydralisk Den  
  60  5:39  Roach x4  
  68  5:47  Overlord  
  68  5:49  Roach x6  
  80  5:55  Drone x2  
  82  6:10  Overlord x2  
  82  6:11  Drone x3  
  82  6:12  Drone x2  
  82  6:15  Ravager x3  
  90  6:31  Evolution Chamber  
  90  6:32  Drone  
  90  6:33  Drone x2, Overlord x2  
  90  6:34  Evolution Chamber  
  90  6:36  Overlord  
  90  6:37  Drone x4  
  95  6:42  Extractor  
  95  6:44  Extractor  
  93  6:52  Overseer  
  93  6:53  Overseer  
  93  6:58  Spore Crawler  
  93  7:00  Spore Crawler  
  91  7:03  Drone, Spore Crawler  
  91  7:04  Drone x2  
  91  7:05  Drone x3  
  91  7:06  Drone  
  91  7:07  Drone x3  
  100  7:14  Hydralisk x4  
  108  7:18  Zerg Missile Weapons Level 1  
  108  7:21  Zerg Ground Armor Level 1  
  95  8:00  Zergling x2  
  95  8:01  Zergling x8  
  92  8:08  Roach x12  
  116  8:17  Hydralisk  
  116  8:18  Hydralisk x4  
  125  8:52  Overlord x4  
  124  8:59  Overlord x4  
  124  9:15  Zerg Missile Weapons Level 2  
  124  9:16  Zerg Ground Armor Level 2  
  124  9:17  Hydralisk x2  
  124  9:18  Hydralisk x6  
  124  9:19  Hydralisk x2  
  144  9:25  Drone x3  
  147  9:35  Overlord x2  
  147  9:39  Ravager x3  
  147  9:40  Ravager x3  
  149  9:58  Hatchery  
  141  10:27  Hydralisk  
  141  10:28  Hydralisk x16  
  141  10:35  Overseer  
  167  11:37  Hydralisk  
  167  11:38  Hydralisk x19  
  193  11:52  Hydralisk x2  
  193  11:53  Hydralisk x3  
  197  12:13  Hydralisk  
  199  12:23  Infestation Pit, Muscular Augments  
  181  12:58  Hydralisk  
  181  13:12  Hydralisk  
  181  13:13  Hydralisk x8  
  181  13:19  Hive  
  163  13:45  Hydralisk x11, Extractor  
  163  13:46  Hydralisk x4  
  163  13:48  Extractor  
  159  14:16  Hydralisk x4  
  159  14:17  Hydralisk x8  
  177  14:29  Hydralisk x5  
  168  14:50  Hydralisk  
  168  14:51  Hydralisk x7  
Tags
 
Add a new tag
Caveats
  • Supply blocks, unpowered buildings, or Contaminate may cause inaccurate times.
  • Supply counts are checked every 10 seconds.